 Dungeon Crawl Stone Soup version 0.30-a0-140-gd1020e658a (webtiles) character file.

Game seed: 4243988669298477985

497181 Flugkiller the Wrestler (level 23, -4/252 HPs)
             Began as a Troll Warper on Sept 24, 2022.
             Was a Follower of Uskayaw.
             Slain by an Orb Guardian (18 damage)
             ... on level 5 of the Realm of Zot.
             The game lasted 01:05:41 (46263 turns).

Flugkiller the Wrestler (Troll Warper)             Turns: 46263, Time: 01:05:41

Health: -4/252     AC: 30    Str: 33    XL:     23   Next: 69%
Magic:  0/33       EV: 12    Int:  7    God:    Uskayaw [*.....]
Gold:   6857       SH: 25    Dex:  9    Spells: 24/24 levels left

rFire   + . .      SeeInvis +      - Unarmed
rCold   + . .      Faith    .    S - +0 tower shield
rNeg    . . .      Spirit   +    l - +3 gold dragon scales
rPois   +          Reflect  .    b - +2 hat {SInv}
rElec   .          Harm     .    I - +2 cloak {Will+}
rCorr   .          Rampage  .    (gloves unavailable)
Will    ++...                    (boots unavailable)
Stlth   ..........               O - brooch of Shielding {Spirit SH+8}
HPRegen 1.32/turn                v - +4 ring of evasion
MPRegen 0.23/turn                j - +4 ring of evasion

@: about to teleport, marked, hasted, very quick
A: large, unfitting armour, claws 3, regeneration 1, shaggy fur 1, tough skin 1,
antennae 1, hooves 1, dopey 1
0: Orb of Zot
}: 3/15 runes: decaying, silver, gossamer
a: Renounce Religion, Stomp


You were on level 5 of the Realm of Zot.
You worshipped Uskayaw.
Uskayaw was pleased with you.
You visited 9 branches of the dungeon, and saw 45 of its levels.
You visited the Abyss 1 time.
You also visited: Gauntlet.

You collected 7696 gold pieces.
You spent 839 gold pieces at shops.

Inventory:

Missiles
 c - 13 boomerangs of dispersal
 o - 4 curare-tipped darts
 u - 17 boomerangs (quivered)
 B - 12 javelins
 C - 2 silver boomerangs
 E - 10 throwing nets
Armour
 b - a +2 hat of see invisible (worn)
   (You found it on level 4 of the Spider Nest)
 l - +3 gold dragon scales (worn)
   (You found it on level 3 of the Dungeon)
 I - a +2 cloak of willpower (worn)
   (You found it on level 2 of the Vaults)
 S - a +0 tower shield (worn)
   (You found it on level 13 of the Dungeon)
Jewellery
 i - a ring of see invisible
   (You took it off a red draconian on level 2 of the Realm of Zot)
 j - a +4 ring of evasion (right claw)
   (You found it on level 7 of the Dungeon)
 p - a ring of protection from fire
   (You found it on level 2 of the Lair of Beasts)
 v - a +4 ring of evasion (left claw)
   (You found it on level 4 of the Dungeon)
 K - the ring of the Robin {Str+6 SInv}
   (You took it off a kobold brigand on level 11 of the Dungeon)

   [ring of strength]

   Str:       It affects your strength (+6).
   SInv:      It lets you see invisible.
 O - the brooch of Shielding (around neck) {Spirit SH+8}
   (You found it in a Gauntlet)

   [amulet of guardian spirit]

   It causes incoming damage to be divided between your reserves of health and
   magic.
   SH:        It affects your SH (+8).
Wands
 f - a wand of roots (32)
   (You took it off Sigmund on level 4 of the Dungeon)
 r - a wand of quicksilver (11)
   (You found it on level 2 of the Dungeon)
 x - a wand of flame (51)
   (You found it on level 1 of the Lair of Beasts)
 F - a wand of digging (17)
   (You found it in a Gauntlet)
 M - a wand of mindburst (20)
   (You found it on level 13 of the Dungeon)
 U - a wand of charming (19)
   (You found it on level 3 of the Spider Nest)
 X - a wand of polymorph (5)
   (You found it on level 2 of the Vaults)
Scrolls
 a - 9 scrolls of poison
 m - a scroll of magic mapping
 t - 7 scrolls of teleportation
 y - 5 scrolls of vulnerability
 H - a scroll of silence
 L - 6 scrolls of butterflies
 P - 2 scrolls of summoning
 R - 2 scrolls of immolation
Potions
 d - 7 potions of might
 e - 10 potions of mutation
 g - 2 potions of berserk rage
 h - 6 potions of haste
 k - 4 potions of cancellation
 n - 2 potions of resistance
 q - 9 potions of curing
 s - 3 potions of ambrosia
 A - 4 potions of flight
 G - a potion of magic
 J - 7 potions of lignification
 V - 5 potions of attraction
Miscellaneous
 D - a lightning rod (4/4)
   (You found it on level 5 of the Vaults)
 N - a tin of tremorstones (1/2)
   (You found it on level 5 of the Lair of Beasts)
 Q - a condenser vane (inert)
   (You found it in a Gauntlet)


   Skills:
 - Level 19.0 Fighting
 - Level 0.8 Throwing
 - Level 15.0 Armour
 - Level 1.9 Dodging
 - Level 15.0 Shields
 - Level 22.0 Unarmed Combat
 - Level 1.2 Spellcasting
 - Level 2.1 Translocations
 - Level 15.0 Invocations
 + Level 11.4 Evocations


You had 24 spell levels left.
You didn't know any spells.
Your spell library contained the following spells:

 Spells                   Type           Power      Damage    Failure   Level
 Apportation              Tloc           6%         N/A       99%         1
 Necrotise                Necr           0%         1d4       100%        1
 Sandblast                Erth           0%         2d4       100%        1
 Sting                    Tmut/Pois      0%         1d3       100%        1
 Summon Small Mammal      Summ           0%         N/A       100%        1
 Blink                    Tloc           6%         N/A       100%        2
 Ensorcelled Hibernation  Hex/Ice        0%         N/A       100%        2
 Passwall                 Tmut/Erth      0%         N/A       100%        2
 Poisonous Vapours        Pois/Air       0%         N/A       100%        2
 Scorch                   Fire           0%         2d5       100%        2
 Call Canine Familiar     Summ           0%         N/A       100%        3
 Confusing Touch          Hex            0%         N/A       100%        3
 Dazzling Flash           Conj/Hex       0%         N/A       100%        3
 Frozen Ramparts          Ice            0%         1d1       100%        3
 Gell's Gravitas          Tloc           3%         N/A       100%        3
 Ignite Poison            Fire/Tmut/Pois 0%         N/A       100%        3
 Lesser Beckoning         Tloc           3%         N/A       100%        3
 Mephitic Cloud           Conj/Pois/Air  0%         N/A       100%        3
 Ozocubu's Armour         Ice            0%         N/A       100%        3
 Portal Projectile        Hex/Tloc       2%         N/A       100%        3
 Spider Form              Tmut/Pois      0%         N/A       100%        3
 Stone Arrow              Conj/Erth      0%         3d7       100%        3
 Summon Guardian Golem    Hex/Summ       0%         N/A       100%        3
 Swiftness                Air            0%         N/A       100%        3
 Teleport Other           Tloc           3%         N/A       100%        3
 Tukima's Dance           Hex            0%         N/A       100%        3
 Airstrike                Air            0%         2d(0-16)  100%        4
 Anguish                  Hex/Necr       0%         N/A       100%        4
 Animate Armour           Summ/Erth      0%         N/A       100%        4
 Animate Dead             Necr           0%         N/A       100%        4
 Flame Wave               Conj/Fire      0%         2d4       100%        4
 Hailstorm                Conj/Ice       0%         3d3       100%        4
 Ice Form                 Ice/Tmut       0%         N/A       100%        4
 Manifold Assault         Tloc           3%         N/A       100%        4
 Olgreb's Toxic Radiance  Pois           0%         N/A       100%        4
 Passage of Golubria      Tloc           3%         N/A       100%        4
 Summon Ice Beast         Ice/Summ       0%         N/A       100%        4
 Summon Lightning Spire   Summ/Air       0%         N/A       100%        4
 Agony                    Necr           0%         N/A       100%        5
 Alistair's Intoxication  Tmut/Pois      0%         N/A       100%        5
 Blade Hands              Tmut           0%         N/A       100%        5
 Borgnjor's Vile Clutch   Necr/Erth      0%         N/A       100%        5
 Freezing Cloud           Conj/Ice/Air   0%         6-21      100%        5
 Irradiate                Conj/Tmut      0%         3d11      100%        5
 Lee's Rapid Deconstruct  Erth           0%         3d5*      100%        5
 Lightning Bolt           Conj/Air       0%         1d11      100%        5
 Silence                  Hex/Air        0%         N/A       100%        5
 Summon Forest            Summ/Tloc      0%         N/A       100%        5
 Yara's Violent Unravell  Hex/Tmut       0%         3d3       100%        5
 Death Channel            Necr           0%         N/A       100%        6
 Eringya's Noxious Bog    Tmut/Pois      0%         N/A       100%        6
 Simulacrum               Ice/Necr       0%         N/A       100%        6
 Summon Cactus Giant      Summ           0%         N/A       100%        6
 Dragon Form              Tmut           0%         N/A       100%        7
 Enfeeble                 Hex            0%         N/A       100%        7
 Haunt                    Necr/Summ      0%         N/A       100%        7
 Malign Gateway           Summ/Tloc      0%         N/A       100%        7
 Ozocubu's Refrigeration  Ice            0%         4d7       100%        7
 Storm Form               Tmut/Air       0%         N/A       100%        7
 Summon Hydra             Summ           0%         N/A       100%        7
 Infestation              Necr           0%         N/A       100%        8
 Lehudib's Crystal Spear  Conj/Erth      0%         10d2      100%        8
 Maxwell's Capacitive Co  Air            0%         ∞         100%        8
 Summon Horrible Things   Summ           0%         N/A       100%        8
 Chain Lightning          Conj/Air       0%         N/A       100%        9
 Polar Vortex             Ice            0%         N/A       100%        9


Dungeon Overview and Level Annotations

Branches:
Dungeon (15/15)            Temple (1/1) D:6            Lair (5/5) D:11
  Swamp (4/4) Lair:2       Spider (4/4) Lair:3        Slime (0/5) Lair:5
    Orc (2/2) D:10            Elf (0/3) Orc:2        Vaults (5/5) D:14
  Crypt (0/3) Vaults:2     Depths (4/4) D:15            Zot (5/5) Depths:4
Gauntlet (visited)

Altars:
Ashenzari
Cheibriados
Dithmenos
Elyvilon
Fedhas
Gozag
Hepliaklqana
Kikubaaqudgha
Makhleb
Nemelex Xobeh
Okawaru
Qazlal
Ru
Sif Muna
Trog
Uskayaw
Vehumet
Wu Jian
Xom
Yredelemnul
Zin
The Shining One

Shops:
D:5 [   D:7 (   Orc:2 !*(!   Depths:1 (

Portals:
Hell: Depths:1 Depths:2 Depths:3 Depths:4
Abyss: Depths:3 Depths:4
Pandemonium: Depths:2 Depths:4
Ziggurat: Depths:1
Trove: D:10 (give +5 ice dragon scales)

Annotations:
D:3 2 transporters, rigao's ghost, amateur DEHs
D:13 exclusion: ice statue, Kirke
Lair:1 1 runed translucent door, Nedank's ghost, journeyman NaNe
Lair:5 1 runed translucent door
Swamp:1 Roxanne
Orc:2 1 runed translucent door, SpicyYetSad's ghost, journeyman DEEE
Depths:2 1 runed translucent door, Asut's ghost, journeyman GrFi
Depths:4 1 runed translucent door


Innate Abilities, Weirdness & Mutations

You are too large for most types of armour.
You have claws for hands.
Your natural rate of healing is unusually fast.
You are covered in fur. (AC +1)
You have tough skin. (AC +1)
You have a pair of small antennae on your head.
You have large cloven feet.
You are dopey. (Int -2)


Message History

Unknown command.
Blink to where?
Press: ? - help, Dir - move target
As you read the scroll of blinking, it crumbles to dust.
The Orb Guardian fails to trigger a net trap.
You block the Orb Guardian's attack. x2; The Orb Guardian hits you!
You block the death cob's attack. You block the Orb Guardian's attack.
The Orb Guardian hits you!
The Orb Guardian hits you but does no damage.
The Orb Guardian hits you!!
You pick up the Orb of Zot!
The Orb lets out a hideous shriek!
The lords of Pandemonium are not amused.
Beware!
Now all you have to do is get back out of the dungeon!
You block the death cob's attack. You block the Orb Guardian's attack.
The Orb Guardian hits you but does no damage.
You block the death cob's attack.
The Orb Guardian hits you but does no damage.
You block the Orb Guardian's attack. The Orb Guardian hits you.
The moth of wrath goads the Orb Guardian on!
The Orb Guardian goes berserk!
The Orb Guardian hits you!!
A tentacled monstrosity comes into view.
The Orb Guardian hits you!!
Unknown command.
Unknown command.
Blink to where?
Press: ? - help, Dir - move target 3 orbs of fire, 10 draconians and a golden dragon come into view.
A black draconian knight is wielding a +3 dire flail of protection.
A black draconian is wielding a +0 glaive of protection.
As you read the scroll of blinking, it crumbles to dust.
The orb of fire emits a lurid red light.
The fireball explodes!
The fireball engulfs you!! You resist.
The orb of fire emits a lurid red light.
The fireball explodes!
The fireball engulfs you!! You resist.
The Orb Guardian fails to trigger a net trap.
An orb of fire comes into view.
The orb of fire glows deep purple.
The bolt of fire hits you!! You resist.
The orb of fire glows yellow.
Strange energies course through your body.
You feel stupid.
The black draconian breathes lightning at you.
The bolt of lightning misses you. The bolt of lightning hits you!
The yellow draconian annihilator mumbles some strange words.
The yellow draconian annihilator blinks!
The orb of fire glows yellow.
The bolt of fire hits you!! You resist.
* * * LOW HITPOINT WARNING * * *
Unknown command.
Unknown command.
Unknown command.
Unknown command.
Okay, then.
Unknown command.
Unknown command.
Unknown command.
Okay, then.
You feel yourself speed up.
The Orb Guardian fails to trigger a net trap.
An electric golem comes into view.
The Orb Guardian hits you.
* * * LOW HITPOINT WARNING * * *
You block the golden dragon's attack. x3
The yellow draconian annihilator mumbles some strange words.
The yellow draconian annihilator blinks!
Okay, then.
As you read the scroll of teleportation, it crumbles to dust.
You feel strangely unstable.
You feel the Orb delaying your translocation!
The Orb Guardian hits you!
* * * LOW HITPOINT WARNING * * *
The Orb Guardian fails to trigger a net trap.
A Killer Klown comes into view. It is wielding a +9 club of flaming.
You block the black draconian's attack. The golden dragon bites you!!
* * * LOW HITPOINT WARNING * * *
The golden dragon claws you but does no damage.
The golden dragon tramples you but does no damage.
The black draconian knight casts a spell at you.
The bolt of cold hits you!! You resist.
* * * LOW HITPOINT WARNING * * *
Unknown command.
Okay, then.
Okay, then.
Okay, then.
Unknown command.
Unknown command.
Okay, then.
You feel better.
The orb of fire glows red.
The bolt of fire hits the orb of fire.
The orb of fire completely resists.
The bolt of fire hits the orb of fire.
The orb of fire completely resists.
The bolt of fire hits you!! You resist.
* * * LOW HITPOINT WARNING * * *
You block the Orb Guardian's attack. x2
An orb of fire comes into view.
The electric golem blinks!
Unknown command.
Unknown command.
You feel better. You block the Orb Guardian's attack.
The Orb Guardian hits you!!
You die...

.##* ###.$^......,,,,,, **
#▓▓▓▓▓▓▓▓▓****,, *
*▓▓▓..,,,,,,,,, ***
*#▓.....,,,,,,,,, ,,**
##.......,,,^^,,,, ,,,* ▓▓▓▓▓▓▓▓▓
#...d....,,,,,,,,,
,,,*▓▓.......▓▓▓d..q....,,,,,,,,,
,,,▓▓....XX..^▓▓DX*d9...,,,,,,,,,
,,.▓...§X.X...{▓@.*d*.d.,,,^,,^,,
...?.y.X.y^XXXXX*q....p.,,,,,,,,,
..X▓...X.....zX▓......^.,,,,,,,,,
.,,▓▓........X▓▓...d..*.,,,,,,,,,
,,,*▓▓.......▓▓▓^...d...,,,,,,,,,
,,,* ▓▓▓▓▓▓▓▓▓ ▓...^....,,,,,,,,^
,,** ▓▓.......,,,,,,,,, ***
*▓▓.....,,,,,,,,, *
****,,,,,,,^,,,


You could see 5 orbs of fire, a Killer Klown, an electric golem, a black
draconian knight, a golden dragon, 2 draconians, 3 draconians, a red draconian,
a white draconian, a death cob, a white draconian stormcaller, 8 Orb Guardians
and a moth of wrath.

Vanquished Creatures
  2 dread liches (Vaults:5)
  Mara (Spider:4)
  A juggernaut (Depths:4)
  Sojobo (Depths:4)
  Frederick (Vaults:4)
  Margery (Vaults:3)
  4 caustic shrikes (Depths:4)
  7 golden dragons
  Nikola (Swamp:1)
  An electric golem (Depths:4)
  Mlioglotl (Spider:2)
  13 tentacled monstrosities
  5 Orb Guardians (Zot:5)
  A lich (Depths:3)
  4 titans (Vaults:5)
  A walking divine tome (Depths:3)
  A walking frostbound tome (Depths:2)
  A quicksilver dragon (Depths:2)
  An Executioner (Abyss:2)
  4 death cobs
  4 sphinxes
  3 thorn hunters
  15 tengu reavers
  9 draconian monks
  9 shadow dragons
  6 storm dragons
  A fenstrider witch (Swamp:4)
  3 draconian knights
  4 emperor scorpions
  7 frost giants
  Louise (Spider:4)
  10 fire giants
  12 vault wardens
  2 draconian scorchers
  3 balrugs
  Aizul (Spider:3)
  An iron dragon (Vaults:5)
  6 ghost moths
  A caustic shrike zombie (Depths:1)
  3 draconian stormcallers
  A broodmother (Spider:1)
  28 ironbound preservers
  4 draconian shifters
  A war gargoyle (Vaults:5)
  30 very ugly things
  9 draconian annihilators
  6 ironbound thunderhulks
  2 vampire knights
  14 stone giants
  9 black draconians
  8 green draconians
  A deep elf demonologist (Vaults:5)
  10 purple draconians
  3 eleionomae
  A minotaur (Gauntlet)
  4 bunyips
  12 white draconians
  6 yellow draconians
  3 dire elephants (Vaults:4)
  2 deep elf annihilators (Vaults:5)
  3 spark wasps
  10 red draconians
  10 ettins
  2 jiangshi (Depths:3)
  A deep elf death mage (Vaults:5)
  A shambling mangrove (Swamp:3)
  A fire dragon (shapeshifter) (Depths:3)
  13 fire dragons
  3 great orbs of eyes (Vaults:1)
  14 yaktaur captains
  Harold (Lair:1)
  33 vault guards
  3 ghost crabs
  5 entropy weavers
  A hell beast (Gauntlet)
  4 jorogumos (Spider:4)
  7 ice dragons
  16 hydras
  A rakshasa (Depths:1)
  2 ogre magi (Vaults:5)
  2 catoblepae
  A peacekeeper (Vaults:4)
  3 radroaches
  13 ironbound frosthearts
  5 boulder beetles
  3 death yaks (Lair:5)
  A centaur warrior (Vaults:1)
  2 two-headed ogres (shapeshifter) (Vaults:5)
  8 death scarabs (Spider:4)
  A death knight (D:14)
  9 alligators
  A titan zombie (Depths:1)
  A naga warrior (Abyss:2)
  2 two-headed ogres
  2 tengu warriors
  5 deep troll earth magi
  A vampire mage (Depths:3)
  11 deep troll shamans
  A spriggan berserker (Depths:4)
  8 hell knights
  4 sun demons
  4 wretched stars (Abyss:2)
  Nergalle (Lair:1)
  A fire crab (Gauntlet)
  2 soul eaters (Depths:4)
  A titan skeleton (Depths:1)
  A sixfirhy (Depths:4)
  6 iron trolls
  A sun moth (Spider:2)
  A salamander mystic (Depths:4)
  8 pharaoh ants
  7 goliath frogs
  A sea snake (shapeshifter) (Depths:4)
  A death drake (Swamp:4)
  6 steelbarb worms
  5 spriggan druids
  7 orb spiders
  3 glowing orange brains
  10 swamp dragons
  2 starcursed masses (Abyss:2)
  66 deep trolls
  3 spectral wolf spiders (Spider:4)
  10 lindwurms
  A deep troll (shapeshifter) (Vaults:5)
  Pikel (D:4)
  3 flayed ghosts
  12 ironbound convokers
  9 necromancers
  A mana viper (shapeshifter) (Depths:2)
  A harpy (Vaults:5)
  7 wizards
  3 bog bodies
  A deep elf pyromancer (D:13)
  An obsidian statue (D:12)
  8 orc knights
  4 phantasmal warriors
  An iron dragon zombie (Vaults:2)
  6 manticores
  4 will-o-the-wisps
  41 ugly things
  2 salamanders (Depths:4)
  4 orc sorcerers
  18 wolf spiders
  8 cyclopes
  A moth of wrath (shapeshifter) (Vaults:5)
  22 moths of wrath
  17 elephants
  A fire giant skeleton (Depths:1)
  4 torpor snails
  A rust devil (Depths:4)
  A guardian serpent (Abyss:2)
  A naga mage (Abyss:2)
  A torpor snail (shapeshifter) (Depths:2)
  22 vault sentinels
  6 black mambas
  An orange demon (Depths:4)
  3 gargoyles
  8 cane toads
  A spectral redback (Spider:4)
  4 demonic crawlers
  4 rime drakes
  A minotaur zombie (Gauntlet)
  An unseen horror (Abyss:2)
  4 kobold demonologists
  26 yaktaurs
  3 efreet
  7 komodo dragons
  2 freezing wraiths
  A hellwing (Depths:4)
  2 redback zombies (Spider:4)
  An ancient zyme (Abyss:2)
  An ice devil (Depths:4)
  6 tengu conjurers
  A red devil (Depths:4)
  4 polar bears
  3 spectral jumping spiders (Spider:4)
  A troll (shapeshifter) (D:15)
  7 trolls
  31 tarantellas
  7 hornets
  A slime creature (shapeshifter) (Vaults:5)
  7 tyrant leeches
  2 tarantella zombies (Spider:4)
  A spectral culicivora (Spider:4)
  6 spectral tarantellas (Spider:4)
  22 slime creatures
  8 dream sheep (Lair:5)
  7 blink frogs
  4 raiju
  A human simulacrum (Vaults:4)
  A centaur simulacrum (D:14)
  24 jumping spiders
  Sigmund (D:4)
  An ettin skeleton (Vaults:2)
  19 culicivoras
  3 spriggans
  A spriggan (shapeshifter) (D:15)
  A vampire (D:14)
  6 fire bats
  Eustachio (D:6)
  4 wraiths
  A wyvern (Lair:5)
  A human (shapeshifter) (Depths:3)
  2 basilisks
  43 yaks
  4 hogs (D:13)
  2 steam dragons (Swamp:4)
  20 vampire mosquitoes
  13 water elementals
  3 chaos spawn
  2 neqoxecs
  41 redbacks
  2 wargs
  A naga (Abyss:2)
  3 acid dragons
  2 large abominations (Abyss:2)
  A glowing shapeshifter skeleton (Vaults:4)
  A glowing shapeshifter zombie (Vaults:2)
  12 swamp worms
  14 water moccasins
  A floating eye (Depths:3)
  2 hell hounds (Gauntlet)
  Duvessa (D:6)
  41 orc warriors
  An ogre skeleton (Vaults:4)
  A black bear (D:5)
  3 ice beasts
  7 swamp drakes
  8 wolves
  16 ogres
  24 centaurs
  A human skeleton (Vaults:4)
  2 phantoms (D:5)
  6 kobold brigands
  15 bullfrogs
  A gnoll sergeant (D:9)
  3 scorpions
  6 wights
  A small abomination (Abyss:2)
  A hornet simulacrum (D:14)
  Dowan (D:6)
  5 killer bees (D:9)
  5 electric eels
  A lava snake (Swamp:4)
  10 howler monkeys
  A crimson imp (D:9)
  2 centaur zombies (D:8)
  A quasit (Abyss:2)
  14 orc priests
  7 hounds
  2 iguanas
  15 orc wizards
  2 killer bee zombies (D:8)
  14 adders
  12 gnolls
  6 white imps
  2 ufetubi (Abyss:2)
  2 worms
  2 dart slugs
  68 orcs
  8 ball pythons
  6 bats
  5 endoplasms
  A giant cockroach (D:4)
  8 goblins
  5 hobgoblins
  23 kobolds
  A quokka (D:2)
  A frilled lizard (D:1)
  4 rats
  2 briar patches (Swamp:4)
1678 creatures vanquished.

Vanquished Creatures (others)
  2 fire giants
  A wizard (Depths:3)
  A vault sentinel (Vaults:4)
  6 bloated husks
  A spriggan (Swamp:4)
  5 steam dragons (Swamp:4)
  2 swamp drakes (Swamp:4)
  A centaur (D:13)
  An orc (Orc:2)
  2 briar patches (Swamp:4)
  19 foxfires
  27 fungi
  35 plants
  3 withered plants
106 creatures vanquished.

Grand Total: 1784 creatures vanquished

Notes
Turn   | Place    | Note
-------+----------+-------------------------------------------
     0 | D:1      | Flugkiller the Troll Warper began the quest for the Orb.
     0 | D:1      | Reached XP level 1. HP: 19/19 MP: 1/1
   151 | D:1      | Reached XP level 2. HP: 28/28 MP: 2/2
   414 | D:2      | Reached skill level 3 in Unarmed Combat
   465 | D:2      | Reached XP level 3. HP: 33/35 MP: 3/3
   508 | D:2      | You fall into a shaft and drop 2 floors!
   702 | D:3      | Found a transporter.
   707 | D:3      | Found a transporter.
   707 | D:3      | Noticed rigao's ghost (amateur DEHs)
   927 | D:3      | Found an ornate altar of the Wu Jian Council.
  1126 | D:2      | Found a faded altar of an unknown god.
  1132 | D:2      | Reached XP level 4. HP: 44/44 MP: 4/4
  1225 | D:2      | Reached skill level 4 in Unarmed Combat
  1785 | D:4      | Reached XP level 5. HP: 47/50 MP: 5/5
  1833 | D:4      | Noticed Sigmund
  1845 | D:4      | Killed Sigmund
  1846 | D:4      | Reached skill level 1 in Armour
  1846 | D:4      | Reached skill level 5 in Unarmed Combat
  1846 | D:4      | Reached XP level 6. HP: 43/61 MP: 6/6
  2087 | D:4      | Noticed Pikel
  2121 | D:4      | Killed Pikel
  2122 | D:4      | Reached skill level 6 in Unarmed Combat
  2122 | D:4      | Reached XP level 7. HP: 63/70 MP: 7/7
  2160 | D:4      | Reached skill level 7 in Unarmed Combat
  2160 | D:4      | Reached XP level 8. HP: 60/78 MP: 8/8
  2317 | D:5      | Entered Level 5 of the Dungeon
  2442 | D:5      | Found a hide-covered altar of Uskayaw.
  2455 | D:5      | Became a worshipper of Uskayaw the Reveller
  2500 | D:5      | Reached * piety under Uskayaw
  2690 | D:5      | Reached ** piety under Uskayaw
  2701 | D:5      | Reached skill level 8 in Unarmed Combat
  2768 | D:5      | Found Rorro's Antique Armour Shop.
  3100 | D:6      | Noticed a troll
  3111 | D:5      | Killed a troll
  3111 | D:5      | Reached *** piety under Uskayaw
  3112 | D:5      | Reached skill level 5 in Fighting
  3112 | D:5      | Reached skill level 1 in Evocations
  3315 | D:6      | Noticed Eustachio
  3316 | D:6      | Found a staircase to the Ecumenical Temple.
  3330 | D:6      | Killed Eustachio
  3331 | D:6      | Reached XP level 9. HP: 87/88 MP: 9/9
  3337 | D:6      | Reached **** piety under Uskayaw
  3441 | Temple   | Entered the Ecumenical Temple
  3662 | D:6      | Noticed Duvessa
  3662 | D:6      | Noticed Dowan
  3672 | D:6      | Killed Dowan
  3675 | D:6      | Killed Duvessa
  3785 | D:6      | Reached skill level 9 in Unarmed Combat
  4362 | D:7      | Found a snail-covered altar of Cheibriados.
  4363 | D:7      | Found a hazy altar of Hepliaklqana.
  4677 | D:7      | Found Jajos's Weapon Shop.
  4843 | D:8      | Found a white marble altar of Elyvilon.
  4928 | D:8      | Reached ***** piety under Uskayaw
  5090 | D:8      | Found a glowing golden altar of the Shining One.
  5145 | D:8      | Identified a scroll of acquirement
  5145 | D:8      | Acquired 706 gold pieces
  5306 | D:8      | Found a shadowy altar of Dithmenos.
  5781 | D:5      | Bought a cloak for 130 gold pieces
  5954 | D:9      | Reached XP level 10. HP: 76/98 MP: 10/10
  5979 | D:9      | Reached skill level 5 in Armour
  6079 | D:9      | Reached skill level 10 in Unarmed Combat
  6081 | D:9      | Found a sparkling altar of Nemelex Xobeh.
  6286 | D:9      | Noticed a rust devil
  6457 | D:9      | Found a burning altar of Makhleb.
  6457 | D:9      | Found a shimmering altar of Xom.
  6747 | D:9      | Reached skill level 5 in Evocations
  7092 | D:10     | Entered Level 10 of the Dungeon
  7242 | D:10     | Found a staircase to the Orcish Mines.
  7409 | D:10     | Found a portal to a secret trove of treasure.
  7485 | D:10     | Noticed a gargoyle
  7494 | D:10     | Killed a gargoyle
  7764 | D:11     | Reached skill level 11 in Unarmed Combat
  7772 | D:11     | Identified the ring of the Robin {Str+6 SInv}
  7779 | D:11     | Reached ****** piety under Uskayaw
  7782 | D:11     | Noticed a soul eater
  7784 | D:11     | Noticed a smoke demon
  7912 | D:11     | Noticed a manticore
  7928 | D:11     | Killed a manticore
  7957 | D:11     | Noticed a cyclops
  7975 | D:11     | Killed a cyclops
  7976 | D:11     | Reached XP level 11. HP: 91/107 MP: 11/11
  8105 | D:11     | Acquired the +2 cloak of Dice, Bag, and Bottle {+Inv}
  8137 | D:11     | Identified the +2 leather armour "Kuseerasoxo" {Rampage}
  8252 | D:11     | Found a staircase to the Lair.
  8284 | D:11     | Noticed a soul eater
  8291 | D:11     | Noticed a sixfirhy
  8534 | Lair:1   | Entered Level 1 of the Lair of Beasts
  8553 | Lair:1   | Noticed Nergalle
  8565 | Lair:1   | Killed Nergalle
  8571 | Lair:1   | Reached skill level 12 in Unarmed Combat
  8972 | Lair:1   | Noticed Harold
  8994 | Lair:1   | Killed Harold
  9328 | Lair:1   | Found a runed translucent door.
  9329 | Lair:1   | Noticed Nedank's ghost (journeyman NaNe)
  9560 | Lair:2   | Reached skill level 1 in Shields
  9652 | Lair:2   | Reached XP level 12. HP: 119/119 MP: 12/12
  9714 | Lair:2   | Found a staircase to the Swamp.
  9750 | Lair:2   | Reached skill level 13 in Unarmed Combat
 10639 | Lair:3   | Found a hole to the Spider Nest.
 11810 | Lair:4   | Reached XP level 13. HP: 106/131 MP: 13/13
 11812 | Lair:4   | Reached skill level 5 in Shields
 11995 | Lair:4   | Reached skill level 14 in Unarmed Combat
 12394 | Lair:5   | Entered Level 5 of the Lair of Beasts
 12436 | Lair:5   | Got Seytoi Laot's Volume of the Enchanting Ground
 12574 | Lair:5   | Found a runed translucent door.
 12577 | Lair:5   | Found a staircase to the Slime Pits.
 12578 | Lair:5   | Noticed an acid blob
 13260 | Lair:5   | Reached skill level 10 in Fighting
 13666 | D:12     | Found a gate leading to a gauntlet.
 13677 | Gauntlet | Entered a Gauntlet
 13677 | Gauntlet | Found a large runed translucent door.
 13677 | Gauntlet | Found a large runed translucent door.
 13677 | Gauntlet | Found a large runed translucent door.
 13677 | Gauntlet | Found a large runed translucent door.
 13677 | Gauntlet | Found a large runed translucent door.
 13677 | Gauntlet | Found a large runed translucent door.
 13677 | Gauntlet | Found a transporter.
 13677 | Gauntlet | Found a large runed translucent door.
 13677 | Gauntlet | Found a large runed translucent door.
 13677 | Gauntlet | Found a runed translucent door.
 13677 | Gauntlet | Found a runed translucent gate.
 13677 | Gauntlet | Found a runed translucent gate.
 13677 | Gauntlet | Found a transporter.
 13677 | Gauntlet | Found a transporter.
 13687 | Gauntlet | Found a transporter.
 13691 | Gauntlet | Found a transporter.
 13701 | Gauntlet | Found a transporter.
 13703 | Gauntlet | Found a transporter.
 13712 | Gauntlet | Found a transporter.
 13727 | Gauntlet | Found a transporter.
 13744 | Gauntlet | Found a transporter.
 13747 | Gauntlet | Found a transporter.
 13747 | Gauntlet | Found the brooch of Shielding {Spirit SH+8}
 13757 | Gauntlet | Found a transporter.
 13762 | Gauntlet | Found a runed translucent gate.
 13763 | Gauntlet | Found a large runed translucent door.
 13763 | Gauntlet | Found a large runed translucent door.
 13764 | Gauntlet | Found a large runed translucent door.
 13765 | Gauntlet | Found a large runed translucent door.
 13766 | Gauntlet | Found a large runed translucent door.
 13766 | Gauntlet | Found a large runed translucent door.
 13766 | Gauntlet | Found a runed translucent door.
 13767 | Gauntlet | Found a large runed translucent door.
 13768 | Gauntlet | Found a large runed translucent door.
 13851 | Gauntlet | Gained mutation: You are vulnerable to cold. (rC-) [a
                  | neqoxec]
 13916 | Gauntlet | Reached XP level 14. HP: 27/143 MP: 4/14
 14039 | Gauntlet | Identified the +7 mace "Waxken Ciukh" {flame, Dex+6}
 14089 | Gauntlet | Identified the +1 scale mail of Lethargy {Drain +Inv Regen+
                  | rCorr}
 14090 | Gauntlet | Got the Reference Book on the Birds
 14132 | D:12     | Identified the +0 quarterstaff of Descent {vorpal, Int+3
                  | Stlth+}
 14303 | D:12     | Reached skill level 10 in Armour
 14694 | D:13     | Reached skill level 15 in Unarmed Combat
 14837 | D:13     | Noticed Kirke
 16461 | D:14     | Found a gate to the Vaults.
 16878 | D:15     | Entered Level 15 of the Dungeon
 16917 | Abyss:2  | Cast into level 2 of the Abyss (a wizard)
 16938 | Abyss:2  | Noticed a starcursed mass
 16989 | Abyss:2  | Found a corrupted altar of Lugonu.
 17034 | Abyss:2  | Noticed an Executioner
 17043 | Abyss:2  | Killed an Executioner
 17212 | Abyss:2  | Reached XP level 15. HP: 154/154 MP: 12/12
 17239 | Abyss:2  | Reached skill level 1 in Invocations
 17268 | D:15     | Escaped the Abyss
 17562 | D:15     | Found a staircase to the Depths.
 17569 | D:15     | Found a bloodstained altar of Trog.
 17727 | D:15     | Lost mutation: You are vulnerable to cold. (rC-) [potion of
                  | mutation]
 17727 | D:15     | Gained mutation: You have a pair of small antennae on your
                  | head. [potion of mutation]
 17727 | D:15     | Gained mutation: You have large cloven feet. [potion of
                  | mutation]
 17805 | Orc:1    | Entered Level 1 of the Orcish Mines
 18194 | Orc:2    | Entered Level 2 of the Orcish Mines
 18226 | Orc:2    | Found a staircase to the Elven Halls.
 18505 | Orc:2    | Reached skill level 5 in Invocations
 18658 | Orc:2    | Found a runed translucent door.
 18658 | Orc:2    | Found a shimmering altar of Xom.
 18658 | Orc:2    | Noticed SpicyYetSad's ghost (journeyman DEEE)
 18911 | Orc:2    | Found Guchathi's Weapon Emporium.
 18911 | Orc:2    | Found Reeloo's Assorted Antiques.
 18913 | Orc:2    | Found Tuypt's Distillery.
 18915 | Orc:2    | Found Agioq's Distillery.
 18922 | Orc:2    | Bought a potion of magic for 120 gold pieces
 18922 | Orc:2    | Bought a potion of mutation for 120 gold pieces
 18922 | Orc:2    | Bought a potion of berserk rage for 75 gold pieces
 18922 | Orc:2    | Bought a potion of brilliance for 60 gold pieces
 18926 | Orc:2    | Bought a potion of might for 132 gold pieces
 18926 | Orc:2    | Bought a scroll of identify for 66 gold pieces
 18931 | Orc:2    | Bought a potion of ambrosia for 136 gold pieces
 19222 | Spider:1 | Entered Level 1 of the Spider Nest
 19471 | Spider:1 | You fall into a shaft and drop 1 floor!
 19829 | Spider:2 | Noticed an emperor scorpion
 19847 | Spider:2 | Killed an emperor scorpion
 19887 | Spider:2 | Noticed Mlioglotl
 19890 | Spider:2 | Noticed a profane servitor
 19947 | Spider:2 | Killed Mlioglotl
 21128 | Spider:1 | Reached XP level 16. HP: 170/170 MP: 20/20
 21224 | Spider:1 | Identified the +0 scale mail of Hairiness {Fly}
 22753 | Spider:3 | Noticed Aizul
 22767 | Spider:3 | Killed Aizul
 23228 | Spider:4 | Entered Level 4 of the Spider Nest
 23247 | Spider:4 | Paralysed by a jorogumo for 2 turns
 23695 | Spider:4 | Noticed Mara
 23730 | Spider:4 | Noticed Flugkiller's illusion
 23861 | Spider:4 | Noticed Flugkiller's illusion
 23957 | Spider:4 | Noticed Flugkiller's illusion
 24078 | Spider:4 | Noticed Flugkiller's illusion
 24315 | Spider:4 | Killed Mara
 24316 | Spider:4 | Reached skill level 10 in Shields
 24316 | Spider:4 | Reached skill level 10 in Invocations
 24519 | Spider:4 | Noticed Louise
 24539 | Spider:4 | Killed Louise
 24944 | Spider:4 | Reached XP level 17. HP: 159/178 MP: 20/24
 25102 | Spider:4 | Got a gossamer rune of Zot
 25398 | Swamp:1  | Entered Level 1 of the Swamp
 25415 | Swamp:1  | Noticed Roxanne
 25549 | Swamp:1  | Noticed a tentacled monstrosity
 25573 | Swamp:1  | Killed a tentacled monstrosity
 25790 | Swamp:1  | Noticed Nikola
 25802 | Swamp:1  | Killed Nikola
 27525 | Swamp:3  | Noticed a tentacled monstrosity
 27539 | Swamp:3  | Killed a tentacled monstrosity
 27675 | Swamp:4  | Entered Level 4 of the Swamp
 28540 | Swamp:4  | Paralysed by a fenstrider witch for 4 turns
 28656 | Swamp:4  | Reached skill level 15 in Shields
 28814 | Swamp:4  | Reached XP level 18. HP: 97/189 MP: 16/25
 29154 | Swamp:4  | Got a decaying rune of Zot
 29203 | Swamp:4  | Reached skill level 16 in Unarmed Combat
 29654 | Vaults:1 | Entered Level 1 of the Vaults
 31968 | Vaults:2 | Found a staircase to the Crypt.
 31968 | Vaults:2 | Found an ancient bone altar of Kikubaaqudgha.
 31968 | Vaults:2 | Found a basalt altar of Yredelemnul.
 31992 | Vaults:2 | Found the +3 greatsling "Punk" {acid, rCorr}
 32006 | Vaults:2 | Reached XP level 19. HP: 199/200 MP: 25/27
 32655 | Vaults:3 | Paralysed by a sphinx for 3 turns
 32660 | Vaults:3 | Reached skill level 17 in Unarmed Combat
 32683 | Vaults:3 | Reached skill level 15 in Fighting
 33996 | Vaults:3 | Noticed Margery
 34015 | Vaults:3 | Killed Margery
 34868 | Vaults:4 | Noticed Frederick
 34885 | Vaults:4 | Killed Frederick
 34935 | Vaults:4 | Reached XP level 20. HP: 98/213 MP: 12/29
 35309 | Vaults:4 | Reached skill level 18 in Unarmed Combat
 35902 | Depths:1 | Entered Level 1 of the Depths
 36348 | Depths:1 | Found a gateway to Hell.
 36408 | Depths:1 | Found a one-way gateway to a ziggurat.
 36816 | Depths:1 | Found Juoliut's Antique Weapon Boutique.
 37538 | Depths:2 | Noticed a golden dragon
 37552 | Depths:2 | Killed a golden dragon
 37590 | Depths:2 | Identified the +4 shortbow "Afutt" {speed, rPois rF+ Int-3}
 37816 | Depths:2 | Found a one-way gate leading to the halls of Pandemonium.
 38038 | Depths:2 | Found a runed translucent door.
 38038 | Depths:2 | Noticed Asut's ghost (journeyman GrFi)
 38230 | Depths:3 | Reached XP level 21. HP: 204/223 MP: 27/31
 38259 | Depths:3 | Found a blossoming altar of Fedhas.
 38389 | Depths:3 | Found a one-way gate to the infinite horrors of the Abyss.
 38396 | Depths:3 | Found a sacrificial altar of Ru.
 38538 | Depths:3 | Reached skill level 19 in Unarmed Combat
 38813 | Depths:3 | Reached skill level 15 in Invocations
 39195 | Depths:3 | Identified the ring "Ogeuwkeci" {MP+9 Int+2}
 39358 | Depths:4 | Entered Level 4 of the Depths
 39466 | Depths:4 | Noticed a golden dragon
 39477 | Depths:4 | Killed a golden dragon
 39563 | Depths:4 | Noticed Sojobo
 39575 | Depths:4 | Killed Sojobo
 39703 | Depths:4 | Noticed a caustic shrike
 39704 | Depths:4 | Noticed a caustic shrike
 39704 | Depths:4 | Noticed a caustic shrike
 39705 | Depths:4 | Noticed a caustic shrike
 39714 | Depths:4 | Noticed a juggernaut
 39727 | Depths:4 | Found a runed translucent door.
 39738 | Depths:4 | Killed a juggernaut
 39741 | Depths:4 | Killed a caustic shrike
 39748 | Depths:4 | Killed a caustic shrike
 39750 | Depths:4 | Killed a caustic shrike
 39752 | Depths:4 | Killed a caustic shrike
 39753 | Depths:4 | Reached skill level 15 in Armour
 40411 | Depths:4 | Found a gate to the Realm of Zot.
 40582 | Depths:4 | Reached skill level 20 in Unarmed Combat
 41264 | Vaults:5 | Entered Level 5 of the Vaults
 41300 | Vaults:5 | Reached XP level 22. HP: 194/233 MP: 19/32
 41396 | Vaults:5 | Identified the +2 robe "Beclicar" {Fly Str-5 Int+6}
 41747 | Vaults:5 | Noticed a golden dragon
 41760 | Vaults:5 | Killed a golden dragon
 42031 | Vaults:5 | Got a silver rune of Zot
 42116 | Vaults:5 | Noticed a dread lich
 42118 | Vaults:5 | Killed a dread lich
 42997 | Vaults:5 | Reached skill level 21 in Unarmed Combat
 43022 | Vaults:5 | Noticed a dread lich
 43057 | Vaults:5 | Killed a dread lich
 43329 | Vaults:5 | Got Uxkeryl's Spellbook of Deathly Rime
 43403 | Vaults:5 | Identified the +8 spear "Emohamiu" {pain, *Corrode rF- rN+
                  | Int+5}
 43480 | Vaults:5 | Identified the +0 robe "Micibrib" {Harm Str-2 Int+7 Stlth+}
 44050 | Zot:1    | Entered Level 1 of the Realm of Zot
 44703 | Zot:2    | Reached XP level 23. HP: 113/249 MP: 10/33
 45425 | Zot:3    | Reached skill level 22 in Unarmed Combat
 45479 | Zot:2    | Reached skill level 10 in Evocations
 45885 | Zot:5    | Entered Level 5 of the Realm of Zot
 46258 | Zot:5    | Got the Orb of Zot
 46259 | Zot:5    | Noticed an orb of fire
 46259 | Zot:5    | Noticed an orb of fire
 46259 | Zot:5    | Noticed an orb of fire
 46259 | Zot:5    | Noticed an orb of fire
 46259 | Zot:5    | Gained mutation: You are dopey. (Int -2) [an orb of fire]
 46261 | Zot:5    | Noticed a Killer Klown
 46262 | Zot:5    | HP: 7/252 [orb of fire/bolt of fire (23)]
 46262 | Zot:5    | Noticed an orb of fire
 46263 | Zot:5    | Slain by an Orb Guardian

Illustrated notes

Levels and vault maps discovered:
D:1:      doesnt_arrival_eight_statues, layout_rooms, minivault_27
D:2:      layout_basic, ebering_ecumenical_altar_ruins,
          kennysheep_generic_room_12
D:3:      layout_basic, mainiacjoe_overflow_alcove_1, gammafunk_ghost_arena
D:4:      layout_cave_pools, kennysheep_generic_room_10, uniq_sigmund,
          uniq_pikel
D:5:      layout_basic, nicolae_uskayaw_dance_hall, serial_shops, shop,
          roderic_serpentine_path
D:6:      layout_rooms, minmay_temple_entry_statues_fountains,
          nicolae_fountain_basement, uniq_duvessa, uniq_eustachio
D:7:      layout_gridville, mainiacjoe_overflow_divided_tiny, serial_shops,
          nicolae_shop_bloodbath_and_beyond
D:8:      layout_loops_cross, grunt_dithmenos_smoke_and_mirrors,
          mainiacjoe_overflow_cross_hatched, amcnicky_altar_gilded,
          serial_undead, serial_undead_e, serial_undead_e, serial_undead_b,
          serial_undead_d
D:9:      layout_grid_maze, kennysheep_little_box,
          grunt_temple_overflow_champion_of_chaos
D:10:     layout_loops_ring, orc_0_dummy, nicolae_trove_entry_columns
D:11:     layout_cave_pools, lair_entry_dummy, serial_column_ruins,
          column_ruins_courtyard_long, column_ruins_grid_3,
          column_ruins_columns_corner, column_ruins_open_tiny,
          column_ruins_corridor_corner, column_ruins_open_tiny,
          column_ruins_open_tiny
D:12:     minmay_statue_hallways, layout_cave_pools, gauntlet_entry_generic
D:13:     layout_long_grid, minmay_misc_feat_encased, minivault_15, uniq_kirke
D:14:     layout_basic, lightli_vaults_fourway_checkpoint, special_room
          [special_room_orc], minivault_4
D:15:     hangedman_depths_entry_civil_slaughter, layout_rooms, bloody_trog
Temple:   hellmonk_temple_forest_ring
Lair:1:   layout_misc_corridors, ebering_ghost_inner_flame, uniq_nergalle,
          uniq_harold
Lair:2:   layout_layer_cave, skrybe_swamp_entry_bodies, grunt_megastairs_3
Lair:3:   layout_small_grid, spider_nest_entry_webs, serial_bayou_shore_a,
          grunt_megastairs_5
Lair:4:   layout_regular_city
Lair:5:   hangedman_lair_in_review, layout_big_grid, slime_entry_2,
          serial_bayou_pond_b, patterned_corridor
Swamp:1:  cheibrodos_swamp_monstrosity, layout_basic_swamp,
          evilmike_swamp_ruin_house_3, swamp_pool3, uniq_roxanne, uniq_nikola
Swamp:2:  layout_basic_swamp, evilmike_swamp_ruin_house_6,
          infiniplex_staircase_pool
Swamp:3:  layout_basic_swamp, nicolae_swamp_very_dense_foliage
Swamp:4:  swamp_fiery, layout_basic_swamp, swamp_pool1
Spider:1: layout_chambers
Spider:2: layout_cave_pods, einodemon_crawler_minivault, uniq_mlioglotl
Spider:3: layout_spider_delve, nicolae_spider_moth_buddies, uniq_aizul
Spider:4: floodkiller_spider_rune_tomb, uniq_mara, uniq_louise
Orc:1:    layout_caves, nicolae_orc_sculptors_studio
Orc:2:    st_orc_rangers, layout_caves, ebering_ghost_xom
Vaults:1: vaults_room_glass_cross, v_rooms_6, v_pattern_5,
          layout_vaults_quadrants
Vaults:2: v_misc_2, nicolae_vaults_little_squares_1, grunt_vaults_funnel,
          nicolae_vaults_theta, v_misc_28, vaults_room_fours,
          nicolae_vaults_what_the_h, v_pattern_4, ontoclasm_vaults_ring_large,
          vaults_dpeg_emergency_exit, minmay_crypt_entry_necro_gods,
          vaults_room_hangedman_quadrants, nicolae_vaults_theta,
          ontoclasm_vaults_gateway, layout_vaults_omnicross
Vaults:3: v_misc_27, v_misc_5, nicolae_vaults_shelves_hall,
          vaults_mumra_minichess_inversion, grunt_vaults_trifunnel,
          nicolae_vaults_network_quincunx
          [nicolae_vaults_network_quincunx_subvault,
          nicolae_vaults_network_quincunx_subvault,
          nicolae_vaults_network_quincunx_subvault,
          nicolae_vaults_network_quincunx_subvault,
          nicolae_vaults_network_quincunx_subvault],
          hangedman_vaults_corner_blocks, nicolae_vaults_network_s,
          ontoclasm_vaults_ring_small, layout_vaults_chaotic_city, uniq_margery
Vaults:4: vaults_room_pools, v_pattern_3, hangedman_vaults_snaps,
          nicolae_vaults_alarming, v_misc_1, v_misc_10, v_misc_24, v_misc_14,
          nicolae_vaults_three_branches, hangedman_vaults_impose, serial_ice_b,
          layout_vaults_ring, uniq_frederick
Vaults:5
Depths:1: layout_gridlike, enter_ziggurat_e, serial_corexii_hall,
          corexii_hall_statues_x, chequers_hall_statues_wall_a,
          nicolae_lava_and_water, serial_shops, shop,
          hangedman_tar_grid_catacomb, serial_bayou_lake_a
Depths:2: minmay_the_grid_octo_2x2 [minmay_the_grid_octo_focus,
          minmay_the_grid_octo_chip, minmay_the_grid_octo_thin_diamonds,
          minmay_the_grid_octo_prize_square_snowflake], layout_gridlike,
          gammafunk_ghost_grave, infiniplex_staircase_pillars_3a, serial_sigils,
          serial_sigils_hangedman_stare, serial_sigils_hangedman_scratch,
          serial_sigils_hangedman_gnaw, serial_sigils_hangedman_shear,
          pan_entry, hell_entry
Depths:3: kennysheep_green_arena, layout_cave_pools, lightli_too_deep,
          nicolae_ru_awakened_eye, abyss_entry, minmay_misc_feat_x,
          fedhas_altar_3
Depths:4: grunt_zot_entry_pinwheel, layout_basic, minmay_misc_feat_plants,
          hellmouth_1, grunt_pan_entry_in_and_out, abyss_entry,
          minmay_acid_items, uniq_sojobo
Zot:1:    layout_misc_corridors, lemuel_baited_zot_trap,
          hangedman_zot_decor_unnerving_road, st_single_dragon_hoard_2
Zot:2:    grunt_twist_and_shout, layout_concentric_octagons
Zot:3:    layout_basic, hangedman_zot_decor_scrapings
Zot:4:    layout_onion_interference
Zot:5:    layout_misc_corridors, st_stairs_10

Skill      XL: |  1  2  3  4  5  6  7  8  9 10 11 12 13 14 15 16 17 18 19 20 21 22 23 |
---------------+----------------------------------------------------------------------+-----
Fighting       | 2 3 4 5 6 7 9 10 11 13 14 15 16 17 18 19 | 19.0
Unarmed Combat | 3 4 5 6 7 8 9 11 12 13 14 15 16 17 18 20 21 22 | 22.0
Armour         | 1 3 4 5 7 8 9 10 11 12 13 14 15 | 15.0
Evocations     | 1 4 5 6 8 11 | 11.4
Shields        | 1 4 7 8 9 10 15 | 15.0
Invocations    | 7 10 11 12 13 14 15 | 15.0
Throwing       | |  0.8
Dodging        | |  1.9
Spellcasting   | |  1.2
Translocations | |  2.1

Action                   |  1- 3 |  4- 6 |  7- 9 | 10-12 | 13-15 | 16-18 | 19-21 | 22-24 || total
-------------------------+-------+-------+-------+-------+-------+-------+-------+-------++-------
Melee: Unarmed           |   106 |   100 |   238 |   524 |  1331 |  1517 |  1518 |   754 ||  6088
       Punch             |     3 |     3 |     9 |    40 |    34 |       |       |       ||    89
       Kick              |       |       |       |       |   139 |   561 |   644 |   354 ||  1698
Throw: Boomerang         |       |       |     4 |       |       |     2 |       |       ||     6
Invok: Stomp             |       |       |       |       |    13 |    12 |    10 |     7 ||    42
       Line Pass         |       |       |       |       |     1 |     1 |     1 |       ||     3
       Grand Finale      |       |       |       |       |       |     4 |     8 |     6 ||    18
Evoke: Wand              |       |       |     1 |     3 |     7 |    19 |     8 |    21 ||    59
       Tin of tremorston |       |       |       |       |       |     6 |     5 |     5 ||    16
       Condenser vane    |       |       |       |       |       |     2 |       |     2 ||     4
  Use: Scroll            |       |     1 |    11 |     3 |    12 |     9 |     5 |    15 ||    56
       Potion            |       |       |     1 |     3 |    10 |     8 |     6 |    11 ||    39
 Stab: Paralysed         |       |       |     6 |    28 |    88 |   124 |   167 |    81 ||   494
       Confused          |       |       |       |       |     1 |       |     1 |       ||     2
       Petrified         |       |       |       |       |     6 |       |       |       ||     6
       Distracted        |       |       |       |       |       |       |       |     1 ||     1
       Betrayed ally     |       |       |       |       |       |       |       |     1 ||     1
       Invisible         |       |       |       |       |       |       |       |     2 ||     2
Armor: Robe              |    38 |       |       |       |       |       |       |       ||    38
       Gold dragon scale |    35 |    88 |   184 |   319 |   673 |   962 |   485 |   278 ||  3024
Dodge: Dodged            |    45 |     7 |    83 |   300 |   476 |   633 |   347 |   174 ||  2065
Block: Other             |       |       |       |    52 |   102 |       |       |       ||   154
       Reflection        |       |       |       |       |     1 |       |       |       ||     1
       Kite shield       |       |       |       |       |   795 |  1341 |       |       ||  2136
       Tower shield      |       |       |       |       |       |   116 |  1386 |   679 ||  2181

Table legend: (Time is in decaauts)
 A = Elapsed time spent in this place.
 B = Non-inter-level travel time spent in this place.
 C = Inter-level travel time spent in this place.
 D = Time resting spent in this place.
 E = Time spent auto-exploring this place.
 F = Levels seen in this place.
 G = Mean time per level.
                   A        B        C        D        E       F      G
               +--------+--------+--------+--------+--------+-----+--------+
         Total |  45524 |  42446 |   3078 |   8062 |  23294 |  47 |  968.6 |
       Dungeon |  12378 |  11130 |   1248 |   1206 |   7665 |  15 |  825.2 |
        Temple |    159 |    142 |     17 |      0 |    132 |   1 |  159.0 |
          Lair |   5003 |   4689 |    314 |    286 |   3581 |   5 | 1000.6 |
         Swamp |   4296 |   4114 |    182 |   1016 |   2032 |   4 | 1074.0 |
   Spider Nest |   6043 |   5605 |    438 |   1733 |   2373 |   4 | 1510.8 |
  Orcish Mines |   1256 |   1189 |     67 |     55 |    752 |   2 |  628.0 |
        Vaults |   8319 |   7839 |    480 |   1604 |   3638 |   5 | 1663.8 |
        Depths |   5636 |   5342 |    294 |   1306 |   2679 |   4 | 1409.0 |
           Zot |   1658 |   1623 |     35 |    686 |    239 |   5 |  331.6 |
         Abyss |    341 |    341 |      0 |     50 |     83 |   1 |  341.0 |
      Gauntlet |    431 |    431 |      0 |    119 |    118 |   1 |  431.0 |
               +--------+--------+--------+--------+--------+-----+--------+

Top non-repeatable levels by time:
Vaults:5: 2279 daAuts
Depths:4: 1963 daAuts
Vaults:3: 1775 daAuts
Spider:2: 1698 daAuts
    D:14: 1626 daAuts
Spider:3: 1618 daAuts
 Swamp:3: 1544 daAuts
Vaults:4: 1534 daAuts
Vaults:1: 1454 daAuts
Spider:1: 1369 daAuts
Spider:4: 1357 daAuts
Depths:3: 1277 daAuts
Vaults:2: 1276 daAuts
Depths:1: 1212 daAuts
  Lair:2: 1198 daAuts
